 Dungeon Crawl Stone Soup version 0.20-a0-936-gaf809b6 (webtiles) character file.

137 M4edhros the Sneak (level 5, -5/34 HPs)
             Began as an Octopode Artificer on Mar 29, 2017.
             Was a Believer of Fedhas.
             Slain by a kobold
             ... wielding a +0 club
              (6 damage)
             ... on level 2 of the Dungeon.
             The game lasted 00:04:14 (2470 turns).

M4edhros the Sneak (Octopode Artificer)             Turns: 2470, Time: 00:04:14

Health: -5/34      AC:  1    Str:  9    XL:     5   Next: 20%
Magic:  7/7        EV: 14    Int: 14    God:    Fedhas [**....]
Gold:   88         SH:  0    Dex: 15    Spells: 4/4 levels left

rFire    . . .     SeeInvis +   n - +2 short sword (flame)
rCold    . . .     Gourm    .   (no shield)
rNeg     . . .     Faith    .   (helmet restricted)
rPois    .         Spirit   .   (no amulet)
rElec    .         Reflect  .   k - ring of see invisible (curse)
rCorr    .         Harm     .   (no ring)
MR       .....                  (no ring)
Stlth    ++++......             (no ring)
Regen    0.2/turn               (no ring)
MPRegen  0.1/turn               (no ring)
                                (no ring)
                                (no ring)

@: lethally poisoned (-5 -> -9)
A: almost no armour, stealthy swim, amphibious, 8 rings, constrict 8, camouflage
1, agile 1, screaming 1, weak 1, gelatinous body 1
a: Fungal Bloom, Evolution, Sunlight, Renounce Religion


You were on level 2 of the Dungeon.
You worshipped Fedhas.
Fedhas was pleased with you.
You were hungry.

You visited 1 branch of the dungeon, and saw 3 of its levels.

You collected 88 gold pieces.

Inventory:

Hand Weapons
 a - a +0 short sword
 n - a +2 short sword of flaming (weapon)
Jewellery
 k - a cursed ring of see invisible (left tentacle)
Wands
 b - a wand of flame (15/48)
 c - a wand of enslavement (14/24)
 d - a wand of random effects (13/48)
Scrolls
 e - 3 scrolls of identify {unknown}
 g - a scroll of enchant weapon {unknown}
 i - 4 scrolls of amnesia {unknown}
 q - 2 scrolls of remove curse {unknown}
Potions
 h - a potion of cancellation {unknown}
 j - a potion of degeneration {unknown}
 l - a potion of heal wounds {unknown}
 m - a potion of mutation {unknown}
 o - a potion of might {unknown}
 p - 2 potions of curing {unknown}
 r - 2 potions of magic
Comestibles
 f - a bread ration


   Skills:
 + Level 1.9 Fighting
 - Level 1.0 Short Blades
 + Level 2.6 Dodging
 + Level 5.3 Stealth
 + Level 1.8 Invocations
 - Level 3.2 Evocations


You had 4 spell levels left.
You didn't know any spells.

Dungeon Overview and Level Annotations

Branches:
Dungeon (3/15)

Altars:
Dithmenos
Fedhas
Makhleb
Xom
Zin

Annotations:
D:2 Jessica


Innate Abilities, Weirdness & Mutations

You cannot wear most types of armour.
You are very stealthy in the water. (Stealth+)
You are amphibious.
You can wear up to eight rings at the same time.
You can use your tentacles to constrict eight enemies at once.
Your skin changes colour to match your surroundings (Stealth+).
Your rubbery body absorbs attacks. (AC +1, EV +1)
You are agile. (Dex +2)
You occasionally shout uncontrollably at your foes.
You are weak. (Str -2)


Message History

The kobold misses you. Jessica hits you with a dagger. The adder bites you.
Unknown command.
You hit the adder. You burn the adder.
You kill the adder!
You constrict Jessica, but do no damage.
You feel sick. The kobold misses you. Jessica gestures at you while chanting.
Pain shoots through your body!
* * * LOW HITPOINT WARNING * * *
You barely miss Jessica.
Jessica is moderately wounded.
You constrict Jessica. Jessica misses you. The kobold hits you with a club!
* * * LOW HITPOINT WARNING * * *
Unknown command.
It was a potion of magic.
Magic courses through your body.
You constrict Jessica.
Jessica mumbles some strange words.
Jessica seems to speed up.
The kobold hits you with a club.
You die...
Fedhas appreciates your contribution to the ecosystem.

#######.############.###
........f..f............
.######P####.........#
.# #.# #........# .# #.#
#.......## .# #.#
#.....).# .# ...
#.......# .# ...
#....@..# .# ...
#...K@..# .# .......†..#
..........# ...........#
............#
...########## ###
#######


You could see Jessica, a kobold and a friendly wandering mushroom.

Vanquished Creatures
  6 adders
  A worm (D:2)
  4 dart slugs
  3 leopard geckos (D:1)
  4 giant cockroaches
  5 goblins
  6 hobgoblins
  9 jackals
  A quokka (D:3)
  6 bats
  6 frilled lizards
  4 kobolds
  13 rats
68 creatures vanquished.

Vanquished Creatures (collateral kills)
  A bat (D:2)
1 creature vanquished.

Vanquished Creatures (others)
  48 toadstools
48 creatures vanquished.

Grand Total: 117 creatures vanquished

Notes
Turn   | Place    | Note
-------+----------+-------------------------------------------
     0 | D:1      | M4edhros the Octopode Artificer began the quest for the Orb.
     0 | D:1      | Reached XP level 1. HP: 13/13 MP: 3/3
    46 | D:1      | Reached skill level 2 in Stealth
   350 | D:3      | Reached XP level 2. HP: 18/18 MP: 4/4
   355 | D:3      | Reached skill level 3 in Stealth
   441 | D:3      | Noticed a phantom
   463 | D:3      | Reached skill level 4 in Stealth
   474 | D:3      | Found a blossoming altar of Fedhas.
   474 | D:3      | Found a shimmering altar of Xom.
   489 | D:3      | Reached XP level 3. HP: 14/23 MP: 5/5
   529 | D:3      | Became a worshipper of Xom the Fickle
   532 | D:3      | Fell from the grace of Xom
   532 | D:3      | Became a worshipper of Fedhas Madash
  1244 | D:1      | Reached * piety under Fedhas
  1363 | D:1      | XOM: summons 5 hostile demons
  1517 | D:2      | Found a burning altar of Makhleb.
  1642 | D:2      | Reached XP level 4. HP: 28/28 MP: 6/6
  1653 | D:2      | Found a glowing silver altar of Zin.
  1654 | D:2      | Found a shadowy altar of Dithmenos.
  1661 | D:2      | Reached skill level 5 in Stealth
  1661 | D:2      | Reached skill level 1 in Invocations
  1700 | D:2      | XOM: give mutations
  1700 | D:2      | Gained mutation: You occasionally shout uncontrollably at your foes. [Xom's mischief]
  1700 | D:2      | Gained mutation: You are agile. (Dex +2) [Xom's mischief]
  1700 | D:2      | Gained mutation: You are weak. (Str -2) [Xom's mischief]
  1773 | D:2      | XOM: polymorph wandering mushroom -> wandering mushroom
  2150 | D:2      | Reached ** piety under Fedhas
  2456 | D:2      | Reached XP level 5. HP: 34/34 MP: 7/7
  2457 | D:2      | Noticed Jessica
  2469 | D:2      | HP: 1/34 [kobold/club (7)]
  2470 | D:2      | Slain by a kobold

Vault maps used:
D:1:      ncdulo_wetmaze
D:2:      minmay_diamond_boxcup, lemuel_doored_altar,
          grunt_temple_overflow_open, trog_butcher_becter, uniq_jessica
D:3:      nicolae_overflow_quartered_altars, gammafunk_temple_overflow_statue

Skill      XL: |  1  2  3  4 |
---------------+-------------+-----
Stealth        | 2 4 5 |  5.3
Invocations    | 1 |  1.8
Fighting       | |  1.9
Short Blades   | |  1.0
Dodging        | |  2.6
Evocations     | |  3.2

Action                   |  1- 3 |  4- 6 || total
-------------------------+-------+-------++-------
Melee: Short sword       |    77 |    52 ||   129
       Tentacles         |     9 |    10 ||    19
       Constrict         |    16 |    13 ||    29
Invok: Fungal Bloom      |    13 |     9 ||    22
       Evolution         |     1 |       ||     1
Evoke: Wand              |     3 |       ||     3
  Use: Potion            |       |     1 ||     1
 Stab: Sleeping          |     9 |     5 ||    14
  Eat: Bread ration      |     1 |       ||     1
Armor: Skin              |     8 |     2 ||    10
Dodge: Dodged            |    51 |    38 ||    89
